 Dungeon Crawl Stone Soup version 0.29.1-12-g30fa7ad0bf (webtiles) character file.

Game seed: 2963521276425387838

0 MisterFreud the Ducker (level 1, 0/15 HPs)
             Began as a Felid Berserker on Dec 28, 2022.
             Was a Follower of Trog.
             Slain by a quokka (4 damage)
             ... on level 1 of the Dungeon.
             The game lasted 00:00:11 (31 turns).

MisterFreud the Ducker (Felid Berserker)              Turns: 31, Time: 00:00:11

Health: 0/15       AC:  1    Str: 13    XL:     1   Next: 8%
Magic:  2/2        EV: 15    Int:  8    God:    Trog [*.....]
Gold:   0          SH:  0    Dex: 15    Spells: 0/0 levels left
                                        Lives:  0   Deaths: 0

rFire   . . .      SeeInvis +     - Unarmed
rCold   . . .      Faith    .   (shield unavailable)
rNeg    . . .      Spirit   .   (body armour unavailable)
rPois   .          Reflect  .   (helmet unavailable)
rElec   .          Harm     .   (cloak unavailable)
rCorr   .          Rampage  .   (gloves unavailable)
Will    .....                   (boots unavailable)
Stlth   ..........              (no amulet)
HPRegen 0.05/turn               (no ring)
MPRegen 0.08/turn               (no ring)

@: berserking, constricted, very quick
A: very small, claws 1, fangs 3, see invisible, speed 1, shaggy fur 1, stealthy
paws, no weapons or thrown items, no armour, multi-lived
a: Renounce Religion, Berserk


You were on level 1 of the Dungeon.
You worshipped Trog.
Trog was aware of your devotion.
You visited 1 branch of the dungeon, and saw 1 of its levels.

You aren't carrying anything.


   Skills:
 - Level 3.0 Fighting
 - Level 4.0 Dodging
 + Level 0.2 Stealth
 + Level 3.0 Unarmed Combat


You couldn't memorise any spells.
You didn't know any spells.
Your spell library was empty.

Dungeon Overview and Level Annotations

Branches:
Dungeon (1/15)

Altars:


Innate Abilities, Weirdness & Mutations

You have sharp claws.
You have razor-sharp teeth.
You have supernaturally acute eyesight. (SInv)
You cover ground quickly. (Speed+)
You are covered in fur. (AC +1)
Your paws help you pounce on unaware monsters.
You are incapable of wielding weapons or throwing items.
You cannot wear armour.
You gain extra lives every three experience levels.


Message History

There is an open door here.
A ball python comes into view.
Found a scroll labelled BUSA OHUCVIS.
A ball python is nearby!
A ball python is nearby!
A quokka and a ball python come into view.
Found a scroll labelled PAWAIL KOPIT.
There are monsters nearby!
The ball python hisses angrily. x2
There are monsters nearby!
You barely miss the ball python. Your bite misses the ball python.
The ball python barely misses you. The ball python closely misses you.
There are monsters nearby!
You claw the ball python!
You kill the ball python!
Trog accepts your kill.
A quokka comes into view.
Found an escape hatch in the floor.
The ball python misses you. x2
You closely miss the ball python. The ball python barely misses you.
The ball python misses you.
You barely miss the ball python. The ball python barely misses you.
The ball python completely misses you.
There are monsters nearby!
You closely miss the ball python. The ball python barely misses you.
The ball python completely misses you. The quokka bites you.
There are monsters nearby!
You scratch the quokka but do no damage.
The ball python bites you. The ball python grabs you.
The ball python constricts you.
You are too injured to fight recklessly!
A red film seems to cover your vision as you go berserk!
You feel yourself moving faster!
You feel mighty! The ball python bites you. The ball python constricts you.
The quokka barely misses you. x2
You scratch the ball python.
The ball python is severely wounded.
The ball python barely misses you. The ball python constricts you.
* * * LOW HITPOINT WARNING * * *
The quokka bites you.
You die...

..............#
.........>........#
..................#
...................
...^............
.... .....??
#.####r#S##..#
#.....r@....#
#.....†...###
#.........#
#.#######.# #.###
..# #...# #.#
#....#.# ..
#..####.# ##.
#+#####'#


You could see 2 quokkas and a ball python.

Vanquished Creatures
  A ball python (D:1)
1 creature vanquished.

Notes
Turn   | Place    | Note
-------+----------+-------------------------------------------
     0 | D:1      | MisterFreud the Felid Berserker began the quest for the
                  | Orb.
     0 | D:1      | Reached XP level 1. HP: 10/10 MP: 2/2
    31 | D:1      | Slain by a quokka

Illustrated notes

Levels and vault maps discovered:
D:1:      lightli_arrival_flooded_house, layout_rooms

Action                   || total
-------------------------++-------
Melee: Unarmed           ||     7
Invok: Berserk           ||     1
Dodge: Dodged            ||    13
